 Dungeon Crawl Stone Soup version 0.21.1-1-g345015fe64 (webtiles) character file.

366 Kohma the Shield-Bearer (level 6, -3/39 HPs)
             Began as a Gargoyle Fighter on June 20, 2018.
             Slain by an orc
             ... wielding a +0 war axe
              (4 damage)
             ... on level 4 of the Dungeon.
             The game lasted 00:06:49 (2794 turns).

Kohma the Shield-Bearer (Gargoyle Fighter)          Turns: 2794, Time: 00:06:50

Health: -3/39      AC: 11    Str: 21    XL:     6   Next: 68%
Magic:  6/6        EV:  7    Int:  9    God:
Gold:   193        SH: 10    Dex:  9    Spells: 5/5 levels left

rFire    . . .     SeeInvis .   a - +0 flail
rCold    . . .     Gourm    .   c - +0 shield
rNeg     + . .     Faith    .   b - +0 scale mail
rPois    ∞         Spirit   .   (no helmet)
rElec    +         Reflect  .   (no cloak)
rCorr    .         Harm     .   (no gloves)
MR       .....                  (no boots)
Stlth    ..........             (no amulet)
HPRegen  0.13/turn              (no ring)
MPRegen  0.10/turn              (no ring)

@: no status effects
A: negative energy resistance 1, electricity resistance, unbreathing,
petrification resistance, rot immunity, AC +4
a: no special abilities


You were on level 4 of the Dungeon.
You were not hungry.

You visited 1 branch of the dungeon, and saw 4 of its levels.

You collected 193 gold pieces.

Inventory:

Hand Weapons
 a - a +0 flail (weapon)
Missiles
 k - 13 bolts
Armour
 b - a +0 scale mail (worn)
 c - a +0 shield (worn)
Jewellery
 m - a cursed +2 ring of dexterity {unknown}
 p - an uncursed ring of protection from cold {unknown}
Scrolls
 e - 2 scrolls of remove curse {unknown}
 h - 2 scrolls of magic mapping {unknown}
 j - 3 scrolls of identify {unknown}
 l - 3 scrolls of enchant armour {unknown}
Potions
 d - a potion of might
 g - a potion of lignification {unknown}
 i - 2 potions of curing {unknown}
 n - a potion of flight {unknown}
 o - a potion of haste {unknown}
Comestibles
 f - 3 rations
 q - 3 chunks of flesh


   Skills:
 + Level 4.3 Fighting
 * Level 4.2 Maces & Flails
 + Level 4.4 Armour
 * Level 5.3 Shields


You had 5 spell levels left.
You didn't know any spells.

Dungeon Overview and Level Annotations

Branches:
Dungeon (4/15)
 Temple: D:4-7

Altars:
Nemelex Xobeh
Vehumet
Wu Jian


Innate Abilities, Weirdness & Mutations

You are resistant to torment.
Your stone body is resilient. (AC +4)
You are immune to poison.
You resist negative energy. (rN+)
You are resistant to electric shocks. (rElec)
You can survive without breathing.
You are immune to petrification.
You are immune to rotting.


Message History

You hit the orc.
The orc is heavily wounded.
The orc hits you but does no damage. x2
You closely miss the orc.
The orc is heavily wounded.
The orc barely misses you. The orc hits you with a war axe.
* * * LOW HITPOINT WARNING * * *
You block the orc's attack.
Your shield prevents you from hitting the orc.
The orc is heavily wounded.
The orc hits you but does no damage. You block the orc's attack.
You hit the orc.
You kill the orc!
The orc hits you but does no damage.
You barely miss the orc. You block the orc's attack.
You barely miss the orc. The orc hits you with a war axe.
* * * LOW HITPOINT WARNING * * *
You block the orc's attack.
You closely miss the orc. The orc hits you with a war axe.
You die...

#.#.#...#.#...#
#.........#....
##..#.#.##.#.....
###...#...##.#.#.###....#
#...#.###.##.#.#.#.+....+
##................#.#....#
#...##.###.##.#.###.#....#
.......##........##=#....###
...............o@##.........
.....####..##.##)##..)......
)....# #..##.##)##.........
.)...# #..##.##.##.o.......
.....# #.###......r........
.....# #.# #.##...o########
.....+ ..# #.####.## .....#
## #.# #.# ###+## #.# #.#


You could see an orc.

Vanquished Creatures
  The ghost of Ge0ff the Grave Robber, an amateur MfNe (D:3)
  A howler monkey (D:3)
  3 orc wizards (D:4)
  Terence (D:3)
  5 adders
  4 worms
  4 dart slugs
  2 leopard geckos
  3 orcs (D:4)
  A ball python (D:1)
  10 bats
  4 giant cockroaches
  12 goblins
  6 hobgoblins
  8 jackals
  2 quokkas
  3 frilled lizards
  8 kobolds
  6 rats
84 creatures vanquished.

Vanquished Creatures (others)
  5 toadstools (D:1)
5 creatures vanquished.

Grand Total: 89 creatures vanquished

Notes
Turn   | Place    | Note
-------+----------+-------------------------------------------
     0 | D:1      | Kohma the Gargoyle Fighter began the quest for the Orb.
     0 | D:1      | Reached XP level 1. HP: 14/14 MP: 1/1
   114 | D:1      | Reached XP level 2. HP: 18/19 MP: 2/2
   479 | D:1      | Reached XP level 3. HP: 23/23 MP: 3/3
  1115 | D:2      | Reached skill level 4 in Shields
  1206 | D:2      | Reached XP level 4. HP: 28/28 MP: 4/4
  1798 | D:3      | Reached XP level 5. HP: 31/33 MP: 5/5
  1981 | D:3      | Noticed Ge0ff's ghost (amateur MfNe)
  2013 | D:3      | Killed Ge0ff's ghost
  2293 | D:3      | Found a sparkling altar of Nemelex Xobeh.
  2340 | D:3      | Found an ornate altar of the Wu Jian Council.
  2342 | D:3      | Found a radiant altar of Vehumet.
  2389 | D:3      | Noticed Terence
  2403 | D:3      | Killed Terence
  2403 | D:3      | Reached XP level 6. HP: 31/38 MP: 6/6
  2473 | D:3      | Reached skill level 5 in Shields
  2793 | D:4      | HP: 1/39 [orc/war axe (6)]
  2794 | D:4      | Slain by an orc

Skill      XL: |  1  2  3  4  5  6 |
---------------+-------------------+-----
Shields        | 4 5 |  5.3
Maces & Flails | 3 4 |  4.2
Fighting       | 4 |  4.3
Armour         | 4 |  4.4

Action                   |  1- 3 |  4- 6 || total
-------------------------+-------+-------++-------
Melee: Flail             |   153 |   267 ||   420
  Eat: Chunk             |     1 |     3 ||     4
       Ration            |       |     1 ||     1
Armor: Scale mail        |    80 |   166 ||   246
Dodge: Dodged            |    47 |    82 ||   129
Block: Shield            |    74 |   154 ||   228
